 Dungeon Crawl Stone Soup version 0.29.1-15-g9cfb28693d (webtiles) character file.

Game seed: 2474559366758344668

542 Labrat the Digger (level 7, 0/57 HPs)
             Began as a Meteoran Earth Elementalist on Sept 8, 2023.
             Killed from afar by Natasha (5 damage)
             ... with a magic dart
             ... on level 2 of the Dungeon.
             The game lasted 00:13:07 (1122 turns).

Labrat the Digger (Meteoran Earth Elementalist)     Turns: 1122, Time: 00:13:07

Health: 0/57       AC:  2    Str: 10    XL:     7   Next: 82%
Magic:  14/17      EV: 12    Int: 18    God:
Gold:   191        SH:  0    Dex: 15    Spells: 15/18 levels left

rFire   . . .      SeeInvis .   (no weapon)
rCold   . . .      Faith    .   (no shield)
rNeg    . . .      Spirit   .   a - +0 robe
rPois   +          Reflect  .   (no helmet)
rElec   .          Harm     .   (no cloak)
rCorr   .          Rampage  .   (no gloves)
Will    .....                   (no boots)
Stlth   +.........              (no amulet)
HPRegen 0.19/turn               q - ring of poison resistance
MPRegen 0.15/turn               (no ring)

@: slowed, glowing, very slow
A: sense surroundings 1, otherworldly, glowing, explore regen
a: no special abilities


You were on level 2 of the Dungeon.
You visited 1 branch of the dungeon, and saw 4 of its levels.

You collected 191 gold pieces.

Inventory:

Armour
 a - a +0 robe (worn)
Jewellery
 m - an amulet of faith
 q - a ring of poison resistance (left hand)
Scrolls
 c - a scroll of blinking {unknown}
 d - a scroll of vulnerability {unknown}
 e - a scroll of fear {unknown}
 g - a scroll of summoning {unknown}
 h - 2 scrolls of enchant weapon {unknown}
 i - a scroll of magic mapping {unknown}
 k - 2 scrolls of teleportation {unknown}
 l - 2 scrolls of identify {unknown}
 r - a scroll of enchant armour {unknown}
 s - a scroll of brand weapon {unknown}
Potions
 b - 2 potions of magic
 f - 2 potions of attraction {unknown}
 j - 2 potions of cancellation {unknown}
 n - a potion of resistance
 o - a potion of ambrosia {unknown}
 p - a potion of brilliance {unknown}


   Skills:
 + Level 3.1 Fighting
 - Level 2.4 Dodging
 - Level 1.4 Stealth
 - Level 6.0 Spellcasting
 - Level 4.0 Transmutations
 - Level 6.0 Earth Magic


You had 15 spell levels left.
You knew the following spells:

 Your Spells              Type           Power      Damage    Failure   Level
a - Sandblast             Erth           54%        2d13      1%          1
b - Passwall              Tmut/Erth      19%        N/A       2%          2

Your spell library contained the following spells:

 Spells                   Type           Power      Damage    Failure   Level
 Stone Arrow              Conj/Erth      32%        3d9       11%         3
 Petrify                  Tmut/Erth      23%        N/A       16%         4
 Blink                    Tloc           10%        N/A       19%         2
 Call Canine Familiar     Summ           5%         N/A       34%         3
 Portal Projectile        Hex/Tloc       10%        N/A       34%         3
 Leda's Liquefaction      Hex/Erth       8%         N/A       34%         4
 Manifold Assault         Tloc           5%         N/A       97%         5
 Storm Form               Tmut/Air       6%         N/A       100%        7


Dungeon Overview and Level Annotations

Branches:
Dungeon (4/15) Zot: 1225
 Temple: D:4-7

Altars:
Nemelex Xobeh
The Shining One

Annotations:
D:2 Natasha
D:4 1 runed translucent door, mursu's ghost, amateur PaCA


Innate Abilities, Weirdness & Mutations

You passively map a small area around you.
You are easily found by Zot.
You glow in the dark.
You regain HP and MP as you explore.


Message History

Aiming: Sandblast (safe; 1% risk of failure)
Press: ? - help, Shift-Dir - straight line, f/p - Terence
Aim: Terence, wielding a +0 falchion and wearing a +0 scale mail (moderately wounded, 85% to hit)
The blast of sand hits Terence.
Terence is heavily wounded.
Natasha barely misses you. Terence hits you with a +0 falchion!
Natasha casts a spell at you.
You feel yourself slow down. Terence hits you with a +0 falchion!
Casting: Sandblast (safe; 1% risk of failure)
Confirm with . or Enter, or press ? or * to list all spells.
Aiming: Sandblast (safe; 1% risk of failure)
Press: ? - help, Shift-Dir - straight line, f/p - Terence
Aim: Terence, wielding a +0 falchion and wearing a +0 scale mail (heavily wounded, 85% to hit)
The blast of sand hits Terence!
Terence is almost dead.
Natasha barely misses you. Terence hits you with a +0 falchion!
Natasha claws you! Terence hits you with a +0 falchion.
* * * LOW HITPOINT WARNING * * *
Casting: Sandblast (safe; 1% risk of failure)
Confirm with . or Enter, or press ? or * to list all spells.
Aiming: Sandblast (safe; 1% risk of failure)
Press: ? - help, Shift-Dir - straight line, f/p - Terence
Aim: Terence, wielding a +0 falchion and wearing a +0 scale mail (almost dead, 85% to hit)
The blast of sand hits Terence!
You kill Terence!
Natasha claws you!
* * * LOW HITPOINT WARNING * * *
Natasha claws you.
* * * LOW HITPOINT WARNING * * *
Your Fighting skill increases to level 3!
Casting: Sandblast (safe; 1% risk of failure)
Confirm with . or Enter, or press ? or * to list all spells.
Aiming: Sandblast (safe; 1% risk of failure)
Press: ? - help, Shift-Dir - straight line, f - Natasha
Aim: Natasha (79% to hit)
The blast of sand hits Natasha!
Natasha is almost dead.
Natasha casts a spell at you. The magic dart hits you.
You die...

#....... , #.#.# #. ######## *
#...# #. . .....#######.# #######
#. *.# ####r,...# #.#####.....#
#. #.##...#####.###.#.#.#.....#
#. ..........#................# *
# ......,...#....#.#.#.#.......#
# ...... #.#.#...)h...........#
#. ####..
#.#.#..#@#)#.#.#########.
#...,#.#.#.#........#.........
###...##.#.#.##†#.#.###.########
#......#.#.#..).......#.#......#
#.#...#).#...##.......#.#......#
##.#...#.#######.......#.#.......
.........# #####.###.#.......
##..#.#..####### #.....#.......
##..)..........# #######.......


You could see Natasha.

Vanquished Creatures
  Grinder (D:3)
  A phantom (D:4)
  A necrophage (D:4)
  A scorpion (D:4)
  A hound (D:4)
  Terence (D:2)
  4 adders
  5 ball pythons
  3 bats
  6 endoplasms
  A giant cockroach (D:1)
  11 goblins
  2 hobgoblins
  11 jackals
  3 quokkas
  A frilled lizard (D:1)
  8 kobolds
  5 rats
66 creatures vanquished.

Notes
Turn   | Place    | Note
-------+----------+-------------------------------------------
     0 | D:1      | Labrat the Meteoran Earth Elementalist began the quest for
                  | the Orb.
     0 | D:1      | Reached XP level 1. HP: 14/14 MP: 5/5
     2 | D:1      | You fall into a shaft and drop 1 floor!
   192 | D:1      | Found a faded altar of an unknown god.
   194 | D:1      | Reached XP level 2. HP: 15/20 MP: 4/6
   367 | D:1      | Reached XP level 3. HP: 26/26 MP: 6/8
   463 | D:3      | Noticed Grinder
   470 | D:3      | Reached XP level 4. HP: 28/33 MP: 2/10
   472 | D:3      | Killed Grinder
   473 | D:3      | Reached skill level 5 in Earth Magic
   473 | D:3      | Reached XP level 5. HP: 29/38 MP: 0/13
   473 | D:3      | Reached XP level 6. HP: 35/45 MP: 0/14
   478 | D:3      | Found a glowing golden altar of the Shining One.
   537 | D:4      | Reached skill level 5 in Spellcasting
   625 | D:4      | Found a sparkling altar of Nemelex Xobeh.
   643 | D:4      | Reached XP level 7. HP: 33/50 MP: 9/16
   652 | D:4      | Reached skill level 1 in Fighting
   756 | D:4      | Found a runed translucent door.
   756 | D:4      | Noticed mursu's ghost (amateur PaCA)
   862 | D:2      | Learned a level 2 spell: Passwall
  1115 | D:3      | Noticed Natasha
  1115 | D:3      | Noticed Terence
  1121 | D:2      | Killed Terence
  1122 | D:2      | Killed from afar by Natasha

Illustrated notes

Levels and vault maps discovered:
D:1:      erik_arrival_blinker_ship, layout_loops_ring,
          ebering_ecumenical_altar_mist, chequers_serial_rivers_small_a
D:2:      layout_loops_cross, serial_co_window_serial, co_window_paths_a,
          co_window_paths_a, co_window_corner_a, co_window_paths_a,
          co_window_paths_a, co_window_corner_ca, co_window_unsneaky_path_c,
          co_window_corner_b, co_window_paths_c, co_window_paths_c,
          co_window_4corner_b, glass_columns_b, glass_columns_a, st_stairs_8
D:3:      layout_rooms, lemuel_round_altar, uniq_natasha, uniq_grinder,
          uniq_terence
D:4:      layout_cave_pools, nemelex_xobeh_ov_fountains_minmay,
          gammafunk_ghost_grave, minmay_starry_boxes, uniq_ijyb

Skill      XL: |  1  2  3  4  5  6  7 |
---------------+----------------------+-----
Spellcasting   | 3 4 5 6 |  6.0
Transmutations | 2 4 |  4.0
Earth Magic    | 4 5 6 |  6.0
Fighting       | 3 |  3.1
Dodging        | |  2.4
Stealth        | |  1.4

Action                   |  1- 3 |  4- 6 |  7- 9 || total
-------------------------+-------+-------+-------++-------
Melee: Unarmed           |     2 |     1 |       ||     3
 Cast: Sandblast         |    40 |    24 |    39 ||   103
       Passwall          |       |       |     9 ||     9
Armor: Robe              |     5 |     2 |     3 ||    10
Dodge: Dodged            |     6 |     8 |    13 ||    27
